 Dungeon Crawl Stone Soup version 0.22.1-2-g9c5b331 (webtiles) character file.

63 diana the Sneak (level 4, 0/25 HPs)
             Began as a Kobold Enchanter on Dec 26, 2018.
             Succumbed to Sigmund's poison
             ... on level 2 of the Dungeon.
             The game lasted 00:03:42 (3352 turns).

diana the Sneak (Kobold Enchanter)                  Turns: 3352, Time: 00:03:42

Health: 0/25       AC:  2    Str:  5    XL:     4   Next: 31%
Magic:  2/7        EV: 15    Int: 17    God:
Gold:   91         SH:  0    Dex: 15    Spells: 1/7 levels left

rFire    . . .     SeeInvis .   a - +1 dagger
rCold    . . .     Gourm    .   (shield restricted)
rNeg     . . .     Faith    .   b - +0 robe
rPois    .         Spirit   +   (no helmet)
rElec    .         Reflect  .   (no cloak)
rCorr    .         Harm     .   (no gloves)
MR       .....                  (no boots)
Stlth    +++.......             j - amulet of guardian spirit
HPRegen  0.08/turn              (no ring)
MPRegen  0.10/turn              (no ring)

@: lethally poisoned (0 -> -6)
A: small, carnivore
a: no special abilities


You were on level 2 of the Dungeon.
You were not hungry.

You visited 1 branch of the dungeon, and saw 3 of its levels.

You collected 91 gold pieces.

Inventory:

Hand Weapons
 a - a +1 dagger (weapon)
Armour
 b - a +0 robe (worn)
Jewellery
 j - an amulet of guardian spirit (around neck)
Scrolls
 c - 3 scrolls of identify {unknown}
 f - 2 scrolls of blinking {unknown}
 h - a scroll of amnesia {unknown}
 i - a scroll of teleportation {unknown}
 m - a scroll of immolation {unknown}
Potions
 e - a potion of degeneration {unknown}
 g - 2 potions of might {unknown}
 k - a potion of haste {unknown}
 l - 2 potions of curing
 n - a potion of invisibility {unknown}
Comestibles
 d - 3 rations


   Skills:
 + Level 1.0 Fighting
 + Level 2.0 Short Blades
 + Level 2.8 Dodging
 * Level 4.7 Stealth
 + Level 2.4 Spellcasting
 * Level 3.4 Hexes
 * Level 1.1 Ice Magic


You had one spell level left.
You knew the following spells:

 Your Spells              Type           Power        Failure   Level  Hunger
a - Corona                Hex            ##.....      4%          1    #......
b - Ensorcelled Hibernat  Hex/Ice        #.....       11%         2    ##.....
c - Confuse               Hex            ##......     13%         3    ###....

Your spell library contained the following spells:

 Spells                   Type           Power        Failure   Level  Hunger
 Confusing Touch          Hex            ##....       4%          1    #......
 Tukima's Dance           Hex            ##......     13%         3    ###....
 Dazzling Spray           Conj/Hex       #.....       26%         3    ###....
 Gell's Gravitas          Tloc           #.........   50%         3    ###....
 Petrify                  Tmut/Erth      #.......     88%         4    #####..
 Metabolic Englaciation   Hex/Ice        #.........   89%         5    ######.
 Yara's Violent Unravell  Hex/Tmut       #.........   94%         5    ######.


Dungeon Overview and Level Annotations

Branches:
Dungeon (3/15)

Altars:
The Shining One

Annotations:
D:3 Sigmund


Innate Abilities, Weirdness & Mutations

You are small and have problems with some larger weapons.
You are carnivorous and can eat meat at any time.


Message History

Sigmund is almost dead.
You feel sick.
Sigmund casts a spell.
Sigmund flickers and vanishes!
You feel sick. Something hits you.
You feel sick.
You feel sick.
You feel sick.
* * * LOW HITPOINT WARNING * * *
You feel sick.
* * * LOW HITPOINT WARNING * * *
You feel sick.
* * * LOW HITPOINT WARNING * * *
You feel sick.
There is a stone staircase leading up here.
A magic dart appears from out of thin air!
The magic dart hits you!
* * * LOW HITPOINT WARNING * * *
You climb upwards.
You die...

##.#.#
#...'....#...............#
.....#
#.###..(.#.####.##########
.#.### #.# #<...#.####.# #
...# #(# #....#......# #
.#.# #.# #....#########
.#.# #.# #.>..........#
.#.#####.# #####........#
.#.##....# #........#
.#.##....# #@.......##
...##....# #.........#
.####....# #.........#
.........# #######.#.#
...##....# ###......#.#
...##....# #.........<#
...##....# #..........#
...##....# #..........#
...####### #.........##


There were no monsters in sight!

Vanquished Creatures
  2 adders (D:2)
  An ooze (D:2)
  3 dart slugs
  2 bats (D:1)
  3 giant cockroaches (D:1)
  6 goblins
  3 hobgoblins (D:1)
  3 jackals (D:1)
  4 kobolds
  2 frilled lizards
  5 rats
34 creatures vanquished.

Notes
Turn   | Place    | Note
-------+----------+-------------------------------------------
     0 | D:1      | diana the Kobold Enchanter began the quest for the Orb.
     0 | D:1      | Reached XP level 1. HP: 10/10 MP: 3/3
   537 | D:1      | Reached XP level 2. HP: 15/15 MP: 5/5
   687 | D:1      | Learned a level 2 spell: Ensorcelled Hibernation
  1465 | D:1      | Reached XP level 3. HP: 8/20 MP: 6/6
  1671 | D:1      | Learned a level 3 spell: Confuse
  2537 | D:2      | Found a glowing golden altar of the Shining One.
  2636 | D:2      | Reached XP level 4. HP: 24/24 MP: 7/7
  2721 | D:2      | Reached skill level 1 in Ice Magic
  3145 | D:3      | Reached skill level 1 in Fighting
  3148 | D:3      | Noticed Sigmund
  3351 | D:3      | HP: 1/25 [something/magic dart (5)]
  3352 | D:2      | Succumbed to Sigmund's poison

Skill      XL: |  1  2  3  4 |
---------------+-------------+-----
Short Blades   | 2 |  2.0
Ice Magic      | 1 |  1.1
Fighting       | 1 |  1.0
Dodging        | |  2.8
Stealth        | |  4.7
Spellcasting   | |  2.4
Hexes          | |  3.4

Action                   |  1- 3 |  4- 6 || total
-------------------------+-------+-------++-------
Melee: Dagger            |   180 |    19 ||   199
 Cast: Ensorcelled Hiber |       |     3 ||     3
  Use: Potion            |     2 |       ||     2
 Stab: Sleeping          |     6 |     5 ||    11
  Eat: Chunk             |     8 |     2 ||    10
Armor: Robe              |    22 |     2 ||    24
Dodge: Dodged            |   158 |     9 ||   167
